 Dungeon Crawl Stone Soup version 0.29.0-4-gdea44cf6ec (webtiles) character file.

Game seed: 7350062849162685152

3280 qw the Grappler (level 10, -3/83 HPs)
             Began as a Ghoul Fire Elementalist on Aug 29, 2022.
             Was a Priest of Okawaru.
             Killed by divine providence
             ... invoked by an orc priest
              (17 damage)
             ... on level 7 of the Dungeon.
             The game lasted 00:06:00 (7356 turns).

qw the Grappler (Ghoul Fire Elementalist)           Turns: 7356, Time: 00:06:01

Health: -3/83      AC: 17    Str: 17    XL:     10   Next: 0%
Magic:  10/12      EV:  9    Int: 10    God:    Okawaru [***...]
Gold:   399        SH:  5    Dex:  9    Spells: 11/12 levels left

rFire   . . .      SeeInvis .     - Unarmed
rCold   + . .      Faith    .   (no shield)
rNeg    + + +      Spirit   .   i - +0 chain mail
rPois   inf        Reflect  +   (no helmet)
rElec   .          Harm     .   (no cloak)
rCorr   .          Rampage  .   f - +1 pair of gloves
Will    .....                   (no boots)
Stlth   ..........              c - amulet of reflection
HPRegen 0.00/turn               k - +4 ring of protection
MPRegen 0.13/turn               (no ring)

@: about to teleport, heroic, inhibited regen
A: claws 1, cold resistance 1, negative energy resistance 3, inhibited
regeneration, torment resistance 2, devour on kill
a: Renounce Religion, Heroism


You were on level 7 of the Dungeon.
You worshipped Okawaru.
Okawaru was most pleased with you.
You visited 2 branches of the dungeon, and saw 8 of its levels.

You collected 399 gold pieces.


Innate Abilities, Weirdness & Mutations

You are immune to poison.
You have sharp fingernails.
Your flesh is cold resistant. (rC+)
You are immune to negative energy. (rN+++)
You do not regenerate when monsters are visible.
You are immune to unholy pain and torment.
You thrive by killing the living.


   Skills:
 - Level 6.0(11.0) Fighting
 - Level 2.6(7.6) Throwing
 + Level 2.7(7.7) Armour
 - Level 1.7(6.7) Dodging
 - Level 2.1(7.1) Stealth
 - Level 11.7(16.7) Unarmed Combat
 - Level 1.7 Spellcasting
 - Level 0.7 Conjurations
 - Level 2.4 Fire Magic
 - Level 4.2 Invocations


You had 11 spell levels left.
You knew the following spells:

 Your Spells              Type           Power      Damage    Failure   Level
a - Foxfire               Conj/Fire      16%        2x1d4     88%         1

Your spell library contained the following spells:

 Spells                   Type           Power      Damage    Failure   Level
 Scorch                   Fire           10%        2d6       89%         2
 Conjure Flame            Conj/Fire      4%         6-21      99%         3
 Inner Flame              Hex/Fire       3%         N/A       100%        3
 Flame Wave               Conj/Fire      4%         2d5       100%        4

Inventory:

Armour
 f - a +1 pair of gloves (worn)
 i - a +0 chain mail (worn)
Jewellery
 c - an amulet of reflection (around neck)
 k - a +4 ring of protection (left hand)
 n - a ring of ice
Scrolls
 d - 2 scrolls of identify
 j - a scroll of brand weapon
 l - a scroll of teleportation
 Y - a scroll of enchant weapon
Potions
 a - a potion of mutation
 b - 4 potions of haste
 e - a potion of heal wounds
 g - 2 potions of might
 h - 3 potions of curing

Dungeon Overview and Level Annotations

Branches:
Dungeon (7/15)             Temple (1/1) D:4

Altars:
Ashenzari
Cheibriados
Dithmenos
Fedhas
Gozag
Makhleb
Okawaru
Qazlal
Ru
Sif Muna
Trog
Uskayaw
Vehumet
Yredelemnul

Shops:
D:2 (


Message History

The eight-headed hydra is lightly wounded.
The orc priest hits you but does no damage.
A troll comes into view.
You punch the eight-headed hydra!
The eight-headed hydra is moderately wounded.
The eight-headed hydra bites you but does no damage.
The eight-headed hydra bites you! x2
The eight-headed hydra bites you but does no damage.
You block the eight-headed hydra's attack.
The eight-headed hydra barely misses you.
The eight-headed hydra bites you.
The eight-headed hydra bites you but does no damage.
The orc priest hits you with a +0 flail.
You barely miss the eight-headed hydra.
The eight-headed hydra is moderately wounded.
The eight-headed hydra bites you but does no damage.
The eight-headed hydra bites you. The eight-headed hydra bites you!
You block the eight-headed hydra's attack.
The eight-headed hydra closely misses you.
The eight-headed hydra barely misses you.
The eight-headed hydra bites you.
You block the eight-headed hydra's attack.
You punch the eight-headed hydra!
The eight-headed hydra is heavily wounded.
The orc priest hits you with a +0 flail.
You punch the eight-headed hydra! x2
The eight-headed hydra is severely wounded.
The eight-headed hydra bites you but does no damage. x2
The eight-headed hydra barely misses you.
The eight-headed hydra closely misses you.
The eight-headed hydra bites you!
The eight-headed hydra bites you but does no damage.
The eight-headed hydra bites you.
You block the eight-headed hydra's attack.
7356 ||| READING 2 scrolls of teleportation.
As you read the scroll of teleportation, it crumbles to dust.
You feel strangely unstable.
The orc priest calls down the wrath of Beogh upon you.
Beogh smites you!
You die...

.........
+............
....#....
########.####
........######........
##................####
......##)##.##...##
#......#..#.##.###
#.###..%#.#.##.#
#...........##.#
.$..#o@......##.# ##
#D###...###+# #T
.....# [..#....# ###
#....# #....# ......


You could see an eight-headed hydra, a troll and an orc priest.

Vanquished Creatures
  A two-headed ogre (D:7)
  Eustachio (D:4)
  Menkaure (D:5)
  A water moccasin (D:7)
  A sky beast (D:6)
  2 ice beasts
  2 black bears
  An orc warrior (D:7)
  2 ogres
  A centaur (D:6)
  3 phantoms (D:5)
  A kobold brigand (D:4)
  A bullfrog (D:7)
  2 necrophages
  2 scorpions (D:4)
  A water moccasin zombie (D:5)
  A bullfrog zombie (D:5)
  7 hounds
  A gnoll bouda (D:4)
  2 orc priests
  A jelly (D:6)
  3 iguanas
  Natasha (thrice) (D:2)
  An orc wizard (D:4)
  A scorpion zombie (D:5)
  A hound zombie (D:5)
  2 hound skeletons (D:5)
  4 gnolls
  12 adders
  3 white imps
  2 ufetubi
  2 worms (D:2)
  2 dart slugs
  20 orcs
  4 endoplasms (D:1)
  6 giant cockroaches
  11 goblins
  6 hobgoblins
  7 jackals
  5 kobolds
  4 quokkas
  5 ball pythons
  4 bats
  2 frilled lizards
  3 rats
148 creatures vanquished.

Vanquished Creatures (others)
  A withered plant (D:5)
1 creature vanquished.

Grand Total: 149 creatures vanquished

Notes
Turn   | Place    | Note
-------+----------+-------------------------------------------
     0 | D:1      | qw the Ghoul Fire Elementalist began the quest for the Orb.
     0 | D:1      | Reached XP level 1. HP: 14/14 MP: 2/2
     0 | D:1      | 0 ||| qw: Version: 0.1-a-90-g952f4b7
     0 | D:1      | 0 ||| qw: Game counter: 3999
     0 | D:1      | 0 ||| qw: Always use a shield: true
     0 | D:1      | 0 ||| qw: God list: Okawaru
     0 | D:1      | 0 ||| qw: Allow faded altars: false
     0 | D:1      | 0 ||| qw: Do Orc after D:15 true
     0 | D:1      | 0 ||| qw: Do second Lair branch before Depths: true
     0 | D:1      | 0 ||| qw: Lair rune preference: random
     0 | D:1      | 0 ||| qw: Plans: Normal
     0 | D:1      | 0 ||| PLANNING D:1-11
     6 | D:1      | Noticed a lindwurm
     6 | D:1      | Noticed a black mamba
     7 | D:1      | Noticed a polar bear
     7 | D:1      | Noticed a snapping turtle
    75 | D:1      | 75 ||| Stepping ~*~*~tactically~*~*~ (stealth).
    82 | D:1      | 82 ||| Stepping ~*~*~tactically~*~*~ (stealth).
    93 | D:1      | Reached skill level 1 in Unarmed Combat
   121 | D:1      | 121 ||| Stepping ~*~*~tactically~*~*~ (stealth).
   126 | D:1      | 126 ||| Stepping ~*~*~tactically~*~*~ (stealth).
   136 | D:1      | 136 ||| Stepping ~*~*~tactically~*~*~ (stealth).
   139 | D:1      | 139 ||| Stepping ~*~*~tactically~*~*~ (stealth).
   177 | D:1      | Reached skill level 1 in Fighting
   177 | D:1      | Reached XP level 2. HP: 10/23 MP: 3/3
   427 | D:1      | HP: 5/23 [quokka (1)]
   691 | D:1      | 691 ||| Stepping ~*~*~tactically~*~*~ (stealth).
   753 | D:1      | Reached skill level 2 in Unarmed Combat
  1040 | D:1      | Found a faded altar of an unknown god.
  1045 | D:1      | Reached XP level 3. HP: 27/28 MP: 4/4
  1275 | D:1      | 1275 ||| Stepping ~*~*~tactically~*~*~ (hiding).
  1377 | D:1      | 1377 ||| Stepping ~*~*~tactically~*~*~ (hiding).
  1398 | D:1      | 1398 ||| Stepping ~*~*~tactically~*~*~ (hiding).
  1409 | D:1      | Reached skill level 3 in Unarmed Combat
  1757 | D:1      | 1757 ||| UPGRADING to +0 ring mail.
  1767 | D:1      | 1767 ||| DROPPING +0 robe.
  1768 | D:1      | 1768 ||| UPGRADING to +0 chain mail.
  1778 | D:1      | 1778 ||| DROPPING +0 ring mail.
  1779 | D:1      | 1779 ||| UPGRADING to +4 ring of protection.
  1780 | D:1      | 1780 ||| READING 2 scrolls labelled HAIRA VAIWNESA.
  1781 | D:1      | 1781 ||| READING 2 scrolls labelled UMUORO ESHE.
  1782 | D:1      | 1782 ||| READING scroll labelled ZETIVA EDWARPH.
  1783 | D:1      | 1783 ||| DRINKING 2 silvery potions.
  1784 | D:1      | 1784 ||| DROPPING potion of magic.
  1785 | D:1      | 1785 ||| DROPPING potion of flight.
  1843 | D:2      | Noticed Natasha
  1848 | D:2      | Killed Natasha
  1849 | D:2      | Reached XP level 4. HP: 29/35 MP: 5/5
  1931 | D:2      | Noticed Natasha
  1948 | D:2      | Killed Natasha
  1949 | D:2      | Reached skill level 4 in Unarmed Combat
  2216 | D:2      | Noticed Natasha
  2217 | D:2      | 2217 ||| Stepping ~*~*~tactically~*~*~ (hiding).
  2224 | D:2      | Killed Natasha
  2225 | D:2      | Reached XP level 5. HP: 32/41 MP: 6/6
  2299 | D:2      | Found Nona Kux's Weapon Boutique.
  2922 | D:2      | 2922 ||| UPGRADING to +0 pair of gloves.
  2927 | D:2      | 2927 ||| UPGRADING to amulet of reflection.
  2932 | D:2      | 2932 ||| READING scroll labelled URCHINLOLASCH.
  2933 | D:2      | 2933 ||| READING scroll labelled VESAESM XUON.
  2937 | D:2      | 2937 ||| READING scroll labelled XABLANTYCU.
  2938 | D:2      | 2938 ||| READING scroll labelled BOEQIT HAUDGHU.
  2939 | D:2      | 2939 ||| READING scroll labelled VARENLEAMM.
  2940 | D:2      | 2940 ||| DRINKING 2 fizzy silvery potions.
  3046 | D:3      | 3046 ||| Stepping ~*~*~tactically~*~*~ (stealth).
  3061 | D:3      | Reached skill level 1 in Armour
  3088 | D:3      | 3088 ||| Stepping ~*~*~tactically~*~*~ (stealth).
  3089 | D:3      | 3089 ||| Stepping ~*~*~tactically~*~*~ (stealth).
  3222 | D:3      | Found a stormy altar of Qazlal.
  3408 | D:3      | Found a sacrificial altar of Ru.
  3408 | D:3      | Found an opulent altar of Gozag.
  3429 | D:3      | 3429 ||| READING 2 scrolls labelled ICVYGH WENIPIBB.
  3430 | D:3      | 3430 ||| READING 2 scrolls of identify.
  3430 | D:3      | 3430 ||| IDENTIFYING metallic sapphire potion
  3431 | D:3      | 3431 ||| DROPPING scroll of vulnerability.
  3518 | D:4      | Found a staircase to the Ecumenical Temple.
  3519 | D:4      | 3519 ||| PLANNING TEMPLE
  3521 | D:4      | 3521 ||| Stepping ~*~*~tactically~*~*~ (stealth).
  3543 | D:4      | Reached skill level 5 in Unarmed Combat
  3550 | Temple   | Entered the Ecumenical Temple
  3601 | Temple   | 3601 ||| PLANNING D:1-11
  3626 | D:4      | 3626 ||| READING scroll of enchant armour.
  3626 | D:4      | 3626 ||| ENCHANTING +0 pair of gloves.
  3627 | D:4      | 3627 ||| Stepping ~*~*~tactically~*~*~ (stealth).
  3674 | D:4      | Reached XP level 6. HP: 35/48 MP: 7/7
  3760 | D:4      | 3760 ||| Stepping ~*~*~tactically~*~*~ (stealth).
  3785 | D:4      | 3785 ||| DRINKING 3 potions of curing.
  3785 | D:4      | 3785 ||| (to cure confusion)
  3856 | D:4      | 3856 ||| Stepping ~*~*~tactically~*~*~ (stealth).
  3861 | D:4      | 3861 ||| Stepping ~*~*~tactically~*~*~ (hiding).
  3862 | D:4      | 3862 ||| Stepping ~*~*~tactically~*~*~ (hiding).
  4010 | D:4      | 4010 ||| Stepping ~*~*~tactically~*~*~ (outnumbered).
  4035 | D:4      | Found an iron altar of Okawaru.
  4042 | D:4      | Became a worshipper of Warmaster Okawaru
  4049 | D:4      | Found a burning altar of Makhleb.
  4097 | D:4      | Reached skill level 6 in Unarmed Combat
  4283 | D:4      | Noticed Eustachio
  4322 | D:4      | Killed Eustachio
  4323 | D:4      | Reached XP level 7. HP: 37/56 MP: 8/8
  4461 | D:4      | Reached skill level 3 in Fighting
  4614 | D:4      | Reached skill level 7 in Unarmed Combat
  4639 | D:4      | Reached * piety under Okawaru
  4640 | D:4      | 4640 ||| INVOKING Heroism.
  4644 | D:4      | Reached skill level 1 in Invocations
  4644 | D:4      | Reached XP level 8. HP: 20/66 MP: 6/9
  4649 | D:4      | HP: 13/66 [orc/+0 trident (5)]
  4650 | D:4      | 4650 ||| READING 2 scrolls of teleportation.
  4652 | D:4      | 4652 ||| INVOKING Heroism.
  4727 | D:4      | 4727 ||| Stepping ~*~*~tactically~*~*~ (stealth).
  5038 | D:4      | 5038 ||| READING 3 scrolls labelled WUDEDD DUIRGH.
  5039 | D:4      | 5039 ||| READING 3 scrolls of identify.
  5039 | D:4      | 5039 ||| IDENTIFYING viscous clear potion
  5040 | D:4      | 5040 ||| DROPPING potion of brilliance.
  5041 | D:4      | 5041 ||| DROPPING 2 scrolls of fear.
  5145 | D:5      | Entered Level 5 of the Dungeon
  5233 | D:5      | Noticed Menkaure
  5234 | D:5      | 5234 ||| Stepping ~*~*~tactically~*~*~ (stealth).
  5235 | D:5      | 5235 ||| INVOKING Heroism.
  5244 | D:5      | Killed Menkaure
  5251 | D:5      | Reached skill level 8 in Unarmed Combat
  5318 | D:5      | Found a broken altar of Ashenzari.
  5353 | D:5      | Reached skill level 3 in Invocations
  5380 | D:5      | 5380 ||| INVOKING Heroism.
  5399 | D:5      | Identified the +10 sling of Qiobim {vorpal, rC+}
  5459 | D:5      | 5459 ||| INVOKING Heroism.
  5724 | D:5      | 5724 ||| Stepping ~*~*~tactically~*~*~ (stealth).
  5786 | D:5      | Reached skill level 9 in Unarmed Combat
  5907 | D:5      | 5907 ||| Stepping ~*~*~tactically~*~*~ (stealth).
  5910 | D:5      | Reached ** piety under Okawaru
  6082 | D:5      | 6082 ||| FLEEEEING.
  6083 | D:5      | 6083 ||| FLEEEEING.
  6089 | D:5      | 6089 ||| FLEEEEING.
  6090 | D:5      | 6090 ||| FLEEEEING.
  6091 | D:5      | 6091 ||| FLEEEEING.
  6092 | D:5      | 6092 ||| FLEEEEING.
  6093 | D:5      | 6093 ||| FLEEEEING.
  6094 | D:5      | 6094 ||| FLEEEEING.
  6095 | D:5      | 6095 ||| FLEEEEING.
  6096 | D:5      | 6096 ||| FLEEEEING.
  6097 | D:5      | 6097 ||| FLEEEEING.
  6098 | D:5      | 6098 ||| FLEEEEING.
  6099 | D:5      | 6099 ||| FLEEEEING.
  6100 | D:5      | 6100 ||| FLEEEEING.
  6107 | D:5      | 6107 ||| Stepping ~*~*~tactically~*~*~ (outnumbered).
  6113 | D:5      | Reached XP level 9. HP: 66/72 MP: 11/11
  6550 | D:6      | Found a radiant altar of Vehumet.
  6560 | D:6      | 6560 ||| Stepping ~*~*~tactically~*~*~ (stealth).
  6665 | D:6      | 6665 ||| Stepping ~*~*~tactically~*~*~ (stealth).
  6667 | D:6      | 6667 ||| Stepping ~*~*~tactically~*~*~ (stealth).
  6672 | D:6      | 6672 ||| Stepping ~*~*~tactically~*~*~ (hiding).
  6673 | D:6      | 6673 ||| INVOKING Heroism.
  6678 | D:6      | 6678 ||| Stepping ~*~*~tactically~*~*~ (outnumbered).
  6679 | D:6      | 6679 ||| Stepping ~*~*~tactically~*~*~ (outnumbered).
  6681 | D:6      | 6681 ||| Stepping ~*~*~tactically~*~*~ (outnumbered).
  6682 | D:6      | 6682 ||| Stepping ~*~*~tactically~*~*~ (outnumbered).
  6683 | D:6      | 6683 ||| Stepping ~*~*~tactically~*~*~ (outnumbered).
  6684 | D:6      | 6684 ||| Stepping ~*~*~tactically~*~*~ (outnumbered).
  6685 | D:6      | 6685 ||| Stepping ~*~*~tactically~*~*~ (outnumbered).
  6686 | D:6      | 6686 ||| Stepping ~*~*~tactically~*~*~ (outnumbered).
  6687 | D:6      | 6687 ||| INVOKING Heroism.
  6688 | D:6      | 6688 ||| Stepping ~*~*~tactically~*~*~ (outnumbered).
  6788 | D:6      | Reached skill level 10 in Unarmed Combat
  6858 | D:6      | 6858 ||| INVOKING Heroism.
  7090 | D:6      | 7090 ||| DROPPING amulet of magic regeneration.
  7091 | D:6      | 7091 ||| READING 2 scrolls labelled XOJ BYCZOKETA.
  7092 | D:6      | 7092 ||| READING 4 scrolls of identify.
  7092 | D:6      | 7092 ||| IDENTIFYING white potion
  7093 | D:6      | 7093 ||| READING 3 scrolls of identify.
  7093 | D:6      | 7093 ||| IDENTIFYING golden potion
  7170 | D:7      | Reached skill level 6 in Fighting
  7276 | D:7      | 7276 ||| INVOKING Heroism.
  7311 | D:7      | Noticed a two-headed ogre
  7312 | D:7      | 7312 ||| INVOKING Heroism.
  7320 | D:7      | Killed a two-headed ogre
  7320 | D:7      | Reached *** piety under Okawaru
  7321 | D:7      | Reached skill level 11 in Unarmed Combat
  7343 | D:7      | 7343 ||| INVOKING Heroism.
  7345 | D:7      | 7345 ||| Stepping ~*~*~tactically~*~*~ (hiding).
  7347 | D:7      | Noticed an eight-headed hydra
  7351 | D:7      | Reached XP level 10. HP: 73/83 MP: 9/12
  7355 | D:7      | HP: 18/83 [eight-headed hydra (11)]
  7356 | D:7      | 7356 ||| READING 2 scrolls of teleportation.
  7356 | D:7      | Killed from afar by an orc priest

Levels and vault maps discovered:
D:1:      onia_arrival_zoo_common, layout_basic,
          hellmonk_ecumenical_altar_inner_sanctum, kennysheep_small_spiral
D:2:      layout_loops_corners, serial_shops, nicolae_shop_statue_plus,
          serial_glass, glass_columns_c, glass_columns_a, minmay_domino_2,
          uniq_natasha
D:3:      layout_rooms, nicolae_overflow_two_pavilions, grunt_qazlal_clouds,
          item_on_display_a
D:4:      cheibrodos_barr_body, layout_basic, amethyst_overflow_temple_binary,
          minmay_temple_entry_mini_moons, uniq_eustachio
D:5:      lemuel_ice_spiral_2, layout_basic, lemuel_doored_altar, serial_undead,
          serial_undead_f, serial_undead_f, serial_undead_c, serial_undead_b,
          minmay_parallelograms, uniq_menkaure
D:6:      layout_cave_pools, lemuel_crystal_altar, serial_column_ruins,
          column_ruins_columns_straight, column_ruins_columns_corner,
          column_ruins_open_small, minivault_25
D:7:      hangedman_cross_stitches, layout_basic, feat_on_display
Temple:   eino_wide_crystal_templ

Skill      XL: |  1  2  3  4  5  6  7  8  9 |
---------------+----------------------------+-----
Unarmed Combat | 1 2 3 4 5 6 7 9 11 | 11.7
Fighting       | 1 2 3 4 6 |  6.0
Armour         | 1 2 |  2.7
Throwing       | 2 |  2.6
Invocations    | 1 4 |  4.2
Dodging        | |  1.7
Stealth        | |  2.1
Spellcasting   | |  1.7
Conjurations   | |  0.7
Fire Magic     | |  2.4

Action                   |  1- 3 |  4- 6 |  7- 9 | 10-12 || total
-------------------------+-------+-------+-------+-------++-------
Melee: Unarmed           |   140 |   282 |   345 |     5 ||   772
       Punch             |     2 |    10 |    21 |     1 ||    34
Throw: Javelin           |       |    29 |    22 |       ||    51
Invok: Heroism           |       |       |    11 |       ||    11
  Use: Scroll            |     3 |     8 |     6 |     1 ||    18
       Potion            |     1 |     2 |       |       ||     3
 Stab: Sleeping          |     1 |       |       |       ||     1
Armor: Robe              |    18 |       |       |       ||    18
       Chain mail        |     2 |   218 |   178 |     8 ||   406
Dodge: Dodged            |    77 |    84 |    73 |     5 ||   239
Block: Other             |       |    60 |    48 |     4 ||   112
       Reflection        |       |     1 |       |       ||     1

Table legend:
 A = Non-vault XP
 B = Vault XP
 C = Vault XP percentage of total XP
 D = Non-vault monster count
 E = Vault monster count
 F = Vault count percentage of total count
                 A         B        C        D         E       F
            +---------+---------+-------+---------+---------+-------
      Total |    3222 |    1464 |  31.2 |     123 |      25 |  16.9
            +---------+---------+-------+---------+---------+-------
        D:1 |      62 |       0 |   0.0 |      27 |       0 |   0.0
        D:2 |     106 |      37 |  25.9 |      13 |       2 |  13.3
        D:3 |      66 |       0 |   0.0 |      14 |       0 |   0.0
        D:4 |     279 |     661 |  70.3 |      25 |      13 |  34.2
        D:5 |     734 |     491 |  40.1 |      19 |       8 |  29.6
        D:6 |     713 |       0 |   0.0 |      18 |       0 |   0.0
        D:7 |    1262 |     275 |  17.9 |       7 |       2 |  22.2
            +---------+---------+-------+---------+---------+-------
